EL
SAN ANTONIO MISSIONS @ TULSA DRILLERS
07/14/2048
 
TOP OF THE 1ST
San Antonio Missions batting - Pitching for Tulsa Drillers : RHP Isidro Aguirre
Pitching: RHP Isidro Aguirre
Batting: RHB Dave McBain 0-0: Ball
1-0: Called Strike
1-1: Ball
2-1: Foul Ball, location: 2F
2-2: Foul Ball, location: 2F
2-2: Ball
3-2: Strikes out swinging
Batting: LHB Matt Patnaude 0-0: Ground out 6-3 (Groundball, 4, EV 87.5 MPH)
Batting: RHB Mike Maserang 0-0: Ball
1-0: Called Strike
1-1: Ball
2-1: Foul Ball, location: 2F
2-2: Strikes out looking
Top of the 1st over - 0 runs, 0 hits, 0 errors, 0 left on base; San Antonio 0 - Tulsa 0
BOTTOM OF THE 1ST
Tulsa Drillers batting - Pitching for San Antonio Missions : RHP Andy Dunmire
Pitching: RHP Andy Dunmire
Batting: RHB Marcos Villalobos 0-0: Called Strike
0-1: Foul Ball, location: 2F
0-2: Foul Ball, location: 2F
0-2: Ball
1-2: Ground out 6-3 (Groundball, 6, EV 108.8 MPH)
Batting: SHB Nate Kopchak 0-0: Swinging Strike
0-1: Ball
1-1: Ball
2-1: Swinging Strike
2-2: Foul Ball, location: 2F
2-2: Hit by Pitch
Batting: LHB Kevin Wiebe 0-0: Called Strike
0-1: Fly out, F6 (Popup, 6MD, EV 53.8 MPH)
Batting: SHB Justin Toth 0-0: Ball
1-0: Ball
2-0: Ball
3-0: Called Strike
3-1: Fly out, F5 (Popup, 6, EV 59.4 MPH)
Bottom of the 1st over - 0 runs, 0 hits, 0 errors, 1 left on base; San Antonio 0 - Tulsa 0
TOP OF THE 2ND
San Antonio Missions batting - Pitching for Tulsa Drillers : RHP Isidro Aguirre
Batting: RHB Cesar Ortega 0-0: Ball
1-0: Ball
2-0: Called Strike
2-1: Ground out 5-3 (Groundball, 56S, EV 85.6 MPH)
Batting: RHB Joe Weissman 0-0: Called Strike
0-1: Foul Ball, location: 2F
0-2: DOUBLE (Flyball, 89D, EV 108.1 MPH)
Batting: RHB Adrian Martinelli 0-0: Called Strike
0-1: Swinging Strike
0-2: Strikes out swinging
Batting: RHB David Aguilar 0-0: Called Strike
0-1: Ground out 1-3 (Groundball, 34S, EV 71.2 MPH)
Top of the 2nd over - 0 runs, 1 hit, 0 errors, 1 left on base; San Antonio 0 - Tulsa 0
BOTTOM OF THE 2ND
Tulsa Drillers batting - Pitching for San Antonio Missions : RHP Andy Dunmire
Batting: RHB Jonathan Kirsch 0-0: Ball
1-0: Ground out 6-3 (Groundball, 6, EV 96.9 MPH)
Batting: RHB Aaron Burress 0-0: Foul Ball, location: 2F
0-1: Foul Ball, location: 2F
0-2: Ball
1-2: Ball
2-2: Ground out 4-3 (Groundball, 6M, EV 85.6 MPH)
Batting: RHB Tony Rivera 0-0: Ball
1-0: Called Strike
1-1: Ball
2-1: Swinging Strike
2-2: Strikes out swinging
Bottom of the 2nd over - 0 runs, 0 hits, 0 errors, 0 left on base; San Antonio 0 - Tulsa 0
TOP OF THE 3RD
San Antonio Missions batting - Pitching for Tulsa Drillers : RHP Isidro Aguirre
Batting: LHB Josh Slusarczyk 0-0: Ball
1-0: Foul Ball, location: 2F
1-1: Called Strike
1-2: Ball
2-2: Strikes out swinging
Batting: RHB Roberto Monzon 0-0: Foul Ball, location: 2F
0-1: Ball
1-1: Called Strike
1-2: Ball
2-2: Fly out, F9 (Flyball, 9, EV 88.1 MPH)
Batting: RHB Dave McBain 0-0: Ball
1-0: Foul Ball, location: 2F
1-1: SINGLE (Groundball, 56S, EV 69.4 MPH) (infield hit)
Batting: LHB Matt Patnaude 0-0: Ball
1-0: Ball
Dave McBain steals 2nd base
2-0: Ball
3-0: Called Strike
3-1: Foul Ball, location: 2F
3-2: Base on Balls
Batting: RHB Mike Maserang 0-0: Called Strike
0-1: Fly out, F8 (Line Drive, 78D, EV 88.1 MPH)
Top of the 3rd over - 0 runs, 1 hit, 0 errors, 2 left on base; San Antonio 0 - Tulsa 0
BOTTOM OF THE 3RD
Tulsa Drillers batting - Pitching for San Antonio Missions : RHP Andy Dunmire
Batting: LHB Chris Barrera 0-0: Fly out, F8 (Flyball, 8RM, EV 90.6 MPH)
Batting: RHB Kyle Garrett 0-0: Called Strike
0-1: Foul Ball, location: 2F
0-2: Strikes out swinging
Batting: RHB Marcos Villalobos 0-0: Called Strike
0-1: Ball
1-1: Ground out 3-1 (Groundball, 34S, EV 93.1 MPH)
Bottom of the 3rd over - 0 runs, 0 hits, 0 errors, 0 left on base; San Antonio 0 - Tulsa 0
TOP OF THE 4TH
San Antonio Missions batting - Pitching for Tulsa Drillers : RHP Isidro Aguirre
Batting: RHB Cesar Ortega 0-0: Called Strike
0-1: Ball
1-1: Fly out, F7 (Line Drive, 7S, EV 91.9 MPH)
Batting: RHB Joe Weissman 0-0: Ball
1-0: Ball
2-0: Called Strike
2-1: Called Strike
2-2: Foul Ball, location: 2F
2-2: Ball
3-2: Strikes out swinging
Batting: RHB Adrian Martinelli 0-0: Ball
1-0: Foul Ball, location: 2F
1-1: Ball
2-1: Fly out, F8 (Flyball, 8RD, EV 104.4 MPH)
Top of the 4th over - 0 runs, 0 hits, 0 errors, 0 left on base; San Antonio 0 - Tulsa 0
BOTTOM OF THE 4TH
Tulsa Drillers batting - Pitching for San Antonio Missions : RHP Andy Dunmire
Batting: SHB Nate Kopchak 0-0: Foul Ball, location: 2F
0-1: Ball
1-1: Foul Ball, location: 2F
1-2: Strikes out looking
Batting: LHB Kevin Wiebe 0-0: Foul Ball, location: 2F
0-1: Ball
1-1: Swinging Strike
1-2: Foul Ball, location: 2F
1-2: Ball
2-2: Strikes out swinging, 2-3 out at first.
Batting: SHB Justin Toth 0-0: Ball
1-0: Foul Ball, location: 2F
1-1: Ground out 4-3 (Groundball, 4D, EV 100.0 MPH)
Bottom of the 4th over - 0 runs, 0 hits, 0 errors, 0 left on base; San Antonio 0 - Tulsa 0
TOP OF THE 5TH
San Antonio Missions batting - Pitching for Tulsa Drillers : RHP Isidro Aguirre
Batting: RHB David Aguilar 0-0: Called Strike
0-1: Ground out 5-3 (Groundball, 5, EV 81.2 MPH)
Batting: LHB Josh Slusarczyk 0-0: Ball
1-0: Ball
2-0: Ground out 6-3 (Groundball, 4S, EV 71.9 MPH)
Batting: RHB Roberto Monzon 0-0: Ground out 4-3 (Groundball, 34, EV 81.2 MPH)
Top of the 5th over - 0 runs, 0 hits, 0 errors, 0 left on base; San Antonio 0 - Tulsa 0
BOTTOM OF THE 5TH
Tulsa Drillers batting - Pitching for San Antonio Missions : RHP Andy Dunmire
Batting: RHB Jonathan Kirsch 0-0: Called Strike
0-1: Swinging Strike
0-2: Ball
1-2: Foul Ball, location: 2F
1-2: Strikes out looking
Batting: RHB Aaron Burress 0-0: Ball
1-0: Ball
2-0: Foul Ball, location: 2F
2-1: Swinging Strike
2-2: Strikes out looking
Batting: RHB Tony Rivera 0-0: Foul Ball, location: 2F
0-1: Ball
1-1: Foul Ball, location: 2F
1-2: SOLO HOME RUN (Line Drive, 7LD, EV 96.9 MPH), Distance : 340 ft
Batting: LHB Chris Barrera 0-0: Called Strike
0-1: Fly out, F7 (Line Drive, 78M, EV 111.9 MPH)
Bottom of the 5th over - 1 run, 1 hit, 0 errors, 0 left on base; San Antonio 0 - Tulsa 1
TOP OF THE 6TH
San Antonio Missions batting - Pitching for Tulsa Drillers : RHP Isidro Aguirre
Batting: RHB Dave McBain 0-0: Foul Ball, location: 2F
0-1: Called Strike
0-2: Foul Ball, location: 2F
0-2: Strikes out swinging
Batting: LHB Matt Patnaude 0-0: Called Strike
0-1: Ball
1-1: Swinging Strike
1-2: SINGLE (Groundball, 56S, EV 73.8 MPH) (infield hit)
Batting: RHB Mike Maserang 0-0: Ball
1-0: SINGLE (Groundball, 56S, EV 69.4 MPH) (infield hit)
Matt Patnaude to second
Batting: RHB Cesar Ortega 0-0: Ball
1-0: Foul Ball, location: 2F
1-1: Fly out, F7 (Flyball, 78M, EV 87.5 MPH)
Batting: RHB Joe Weissman 0-0: Called Strike
0-1: Ball
1-1: Foul Ball, location: 2F
1-2: Strikes out swinging
Top of the 6th over - 0 runs, 2 hits, 0 errors, 2 left on base; San Antonio 0 - Tulsa 1
BOTTOM OF THE 6TH
Tulsa Drillers batting - Pitching for San Antonio Missions : RHP Andy Dunmire
Batting: RHB Kyle Garrett 0-0: Called Strike
0-1: Ball
1-1: Called Strike
1-2: Ground out 6-3 (Groundball, 6S, EV 68.1 MPH)
Batting: RHB Marcos Villalobos 0-0: Foul Ball, location: 2F
0-1: Ball
1-1: Ball
2-1: Swinging Strike
2-2: Foul Ball, location: 2F
2-2: SINGLE (Groundball, 4MD, EV 99.4 MPH)
Batting: SHB Nate Kopchak 0-0: Ball
Marcos Villalobos steals 2nd base
1-0: Ball
2-0: Ball
3-0: Called Strike
3-1: Swinging Strike
3-2: Ground out 1-3 (Groundball, 13S, EV 71.9 MPH)
Marcos Villalobos to third
Batting: LHB Kevin Wiebe 0-0: Swinging Strike
0-1: Ball
1-1: Ball
2-1: Called Strike
2-2: Foul Ball, location: 2F
2-2: SINGLE (Line Drive, 9LS, EV 113.8 MPH)
Marcos Villalobos scores
Batting: SHB Justin Toth 0-0: Ball
1-0: Ball
2-0: Ball
3-0: Called Strike
3-1: Called Strike
3-2: Foul Ball, location: 2F
3-2: Foul Ball, location: 2F
3-2: Strikes out swinging
Bottom of the 6th over - 1 run, 2 hits, 0 errors, 1 left on base; San Antonio 0 - Tulsa 2
TOP OF THE 7TH
San Antonio Missions batting - Pitching for Tulsa Drillers : RHP Isidro Aguirre
Batting: RHB Adrian Martinelli 0-0: Ball
1-0: Swinging Strike
1-1: Called Strike
1-2: Foul Ball, location: 2F
1-2: Ball
2-2: Ball
3-2: Base on Balls
Batting: RHB David Aguilar 0-0: Ball
1-0: Called Strike
1-1: Called Strike
1-2: Ball
2-2: Strikes out swinging
Batting: LHB Josh Slusarczyk 0-0: Ball
1-0: Foul Ball, location: 2F
1-1: Swinging Strike
1-2: Strikes out swinging
Batting: RHB Roberto Monzon 0-0: Ball
1-0: Ball
2-0: Ball
3-0: Base on Balls
Adrian Martinelli to second
Pitching: LHP William Lobo
Batting: RHB Dave McBain 0-0: Called Strike
0-1: SINGLE (Line Drive, 5D, EV 99.4 MPH)
Adrian Martinelli to third
Roberto Monzon to second
Runner from 3rd tries for Home, SAFE, throw by LF to home
Pinch Hitting: RHB Jaden Scott 0-0: Ball
1-0: Ball
2-0: Called Strike
2-1: Swinging Strike
2-2: Foul Ball, location: 2F
2-2: Ball
3-2: Strikes out swinging
Top of the 7th over - 1 run, 1 hit, 0 errors, 2 left on base; San Antonio 1 - Tulsa 2
BOTTOM OF THE 7TH
Tulsa Drillers batting - Pitching for San Antonio Missions : RHP Andy Dunmire
Now in LF: Jaden Scott
Now in RF: David Aguilar
Batting: RHB Jonathan Kirsch 0-0: Called Strike
0-1: Fly out, F8 (Line Drive, 89M, EV 103.8 MPH)
Batting: RHB Aaron Burress 0-0: Ground out 6-3 (Groundball, 56D, EV 92.5 MPH)
Batting: RHB Tony Rivera 0-0: Ball
1-0: Ground out 6-3 (Groundball, 6, EV 83.1 MPH)
Bottom of the 7th over - 0 runs, 0 hits, 0 errors, 0 left on base; San Antonio 1 - Tulsa 2
TOP OF THE 8TH
San Antonio Missions batting - Pitching for Tulsa Drillers : LHP William Lobo
Batting: RHB Mike Maserang 0-0: Called Strike
0-1: Swinging Strike
0-2: Fly out, F8 (Flyball, 8RD, EV 91.9 MPH)
Batting: RHB Cesar Ortega 0-0: Called Strike
0-1: Ball
1-1: Ground out 6-3 (Groundball, 6, EV 86.9 MPH)
Batting: RHB Joe Weissman 0-0: Called Strike
0-1: Ball
1-1: Called Strike
1-2: Foul Ball, location: 2F
1-2: Strikes out swinging
Top of the 8th over - 0 runs, 0 hits, 0 errors, 0 left on base; San Antonio 1 - Tulsa 2
BOTTOM OF THE 8TH
Tulsa Drillers batting - Pitching for San Antonio Missions : RHP Andy Dunmire
Pitching: RHP Colin Dorsey
Batting: LHB Chris Barrera 0-0: Ball
1-0: Ball
2-0: Ball
3-0: Base on Balls
Batting: RHB Kyle Garrett 0-0: Ball
1-0: Ball
2-0: Ball
Wild Pitch!
Chris Barrera to second
3-0: Called Strike
3-1: Ground out 1-3 (Groundball, P, EV 65.6 MPH)
Chris Barrera to third
Batting: RHB Marcos Villalobos 0-0: Called Strike
0-1: Ground out 4-3 (Groundball, 4MS, EV 68.8 MPH)
Batting: SHB Nate Kopchak 0-0: Ball
1-0: Ball
2-0: Called Strike
2-1: Foul Ball, location: 2F
2-2: Foul Ball, location: 2F
2-2: Ball
3-2: Base on Balls
Batting: LHB Kevin Wiebe 0-0: Ball
1-0: Called Strike
1-1: Called Strike
Nate Kopchak steals 2nd base
1-2: Ball
2-2: Foul Ball, location: 2F
2-2: Strikes out swinging
Bottom of the 8th over - 0 runs, 0 hits, 0 errors, 2 left on base; San Antonio 1 - Tulsa 2
TOP OF THE 9TH
San Antonio Missions batting - Pitching for Tulsa Drillers : LHP William Lobo
Pitching: RHP Etsuji Kawasaki
Pinch Hitting: LHB Teko van de Sande 0-0: Called Strike
0-1: Foul Ball, location: 2F
0-2: Foul Ball, location: 2F
0-2: Ground out 5-3 (Groundball, 56, EV 88.8 MPH)
Batting: RHB David Aguilar 0-0: SINGLE (Groundball, 6MD, EV 95.0 MPH)
Batting: LHB Josh Slusarczyk 0-0: Swinging Strike
0-1: Ball
1-1: Foul Ball, location: 2F
1-2: Ball
2-2: Ball
3-2: Base on Balls
David Aguilar to second
Batting: RHB Roberto Monzon 0-0: Fielders Choice at 2nd, 5-4 (Groundball, 56S, EV 78.8 MPH)
David Aguilar to third
Batting: RHB Dave McBain 0-0: Foul Ball, location: 2F
0-1: Swinging Strike
0-2: Foul Ball, location: 2F
0-2: Ball
1-2: Ball
2-2: SINGLE (Groundball, 6, EV 100.6 MPH)
David Aguilar scores
Roberto Monzon to second
Runner from 2nd tries for 3rd, SAFE, throw by CF made to third
Batting: RHB Jaden Scott 0-0: Foul Ball, location: 2F
0-1: Called Strike
0-2: Foul Ball, location: 2F
0-2: Strikes out looking
Top of the 9th over - 1 run, 2 hits, 0 errors, 2 left on base; San Antonio 2 - Tulsa 2
BOTTOM OF THE 9TH
Tulsa Drillers batting - Pitching for San Antonio Missions : RHP Colin Dorsey
Pitching: LHP Ismael Diaz
Now at 3B: Josh Slusarczyk
Now at SS: Teko van de Sande
Batting: SHB Justin Toth 0-0: Called Strike
0-1: Ball
1-1: Swinging Strike
1-2: Foul Ball, location: 2F
1-2: Ball
2-2: Foul Ball, location: 2F
2-2: Ball
3-2: Strikes out looking
Batting: RHB Jonathan Kirsch 0-0: Called Strike
0-1: Ball
1-1: Foul Ball, location: 2F
1-2: Strikes out swinging
Batting: RHB Aaron Burress 0-0: Called Strike
0-1: Called Strike
0-2: Fly out, F8 (Flyball, 8RD, EV 96.9 MPH)
Bottom of the 9th over - 0 runs, 0 hits, 0 errors, 0 left on base; San Antonio 2 - Tulsa 2
TOP OF THE 10TH
San Antonio Missions batting - Pitching for Tulsa Drillers : RHP Etsuji Kawasaki
Pitching: RHP Jeff Coates
Batting: RHB Mike Maserang 0-0: Called Strike
0-1: Foul Ball, location: 2F
0-2: Strikes out looking
Batting: RHB Cesar Ortega 0-0: Ball
1-0: Ball
2-0: Foul Ball, location: 2F
2-1: Ball
3-1: Ground out 6-3 (Groundball, 6, EV 79.4 MPH)
Batting: RHB Joe Weissman 0-0: SINGLE (Groundball, 4, EV 98.1 MPH)
Batting: LHB Teko van de Sande 0-0: Called Strike
0-1: Foul Ball, location: 2F
0-2: Ball
1-2: Ball
2-2: Strikes out swinging
Top of the 10th over - 0 runs, 1 hit, 0 errors, 1 left on base; San Antonio 2 - Tulsa 2
BOTTOM OF THE 10TH
Tulsa Drillers batting - Pitching for San Antonio Missions : LHP Ismael Diaz
Batting: RHB Tony Rivera 0-0: Called Strike
0-1: Ball
1-1: Ball
2-1: Foul Ball, location: 2F
2-2: Ball
3-2: Foul Ball, location: 2F
3-2: Base on Balls
Pinch Hitting: RHB Robby Cuellar 0-0: Foul Ball, location: 2F
0-1: Swinging Strike
0-2: Strikes out looking
Batting: RHB Kyle Garrett 0-0: Ball
1-0: Called Strike
1-1: Ball
2-1: Swinging Strike
2-2: Strikes out swinging
Pitching: RHP Tony Delgado
Batting: RHB Marcos Villalobos 0-0: Called Strike
Tony Rivera steals 2nd, throwing error, E2
Tony Rivera to third
0-1: Ball
1-1: Foul Ball, location: 2F
1-2: Ball
2-2: DOUBLE (Flyball, 8RXD, EV 88.8 MPH)
Tony Rivera scores
Bottom of the 10th over - 1 run, 1 hit, 1 error, 1 left on base; San Antonio 2 - Tulsa 3
Tuesday, March 28th , 2023 - OOTP Baseball 23.10 Build 110